 Dungeon Crawl Stone Soup version 0.19.0-19-g8c6edcc (webtiles) character file.

50 Millan the Gusty (level 3, -2/19 HPs)
             Began as a Tengu Air Elementalist on Nov 14, 2016.
             Slain by an adder (3 damage)
             ... on level 2 of the Dungeon.
             The game lasted 00:07:28 (1506 turns).

Millan the Gusty (Tengu Air Elementalist)           Turns: 1506, Time: 00:07:29

Health: -2/19      AC:  2    Str:  8    XL:     3   Next: 79%
Magic:  1/8        EV: 13    Int: 16    God:
Gold:   109        SH:  0    Dex: 14    Spells: 3 memorised, 2 levels left

rFire  . . .     SeeInvis .     (no weapon)
rCold  . . .     Gourm    .     a - +0 robe
rNeg   . . .     Faith    .     (no shield)
rPois  .         Spirit   .     (helmet restricted)
rElec  .         Reflect  .     (no cloak)
rCorr  .         Harm     .     (no gloves)
MR     .....                    (boots unavailable)
Stlth  ++........               (no amulet)
                                (no ring)
                                (no ring)

@: very slightly contaminated
A: beak, talons 3
a: no special abilities


You were on level 2 of the Dungeon.
You were hungry.

You visited 1 branch of the dungeon, and saw 2 of its levels.

You collected 109 gold pieces.

Inventory:

Armour
 a - a +0 robe (worn)
Scrolls
 e - 2 scrolls of enchant armour {unknown}
 g - 2 scrolls of identify {unknown}
 h - 2 scrolls of random uselessness {unknown}
 i - a scroll of blinking {unknown}
Potions
 d - a potion of agility
 j - a potion of berserk rage {unknown}
Books
 b - a book of Air

   Spells                             Type                      Level
   a - Shock                          Conjuration/Air              1
   b - Swiftness                      Charms/Air                   2
   c - Repel Missiles                 Charms/Air                   2
   d - Static Discharge               Conjuration/Air              3
   e - Lightning Bolt                 Conjuration/Air              5
Comestibles
 c - a bread ration
 f - a meat ration
 k - 2 chunks of flesh


   Skills:
 + Level 2.6 Dodging
 + Level 2.4 Stealth
 + Level 2.7 Spellcasting
 + Level 1.7 Conjurations
 + Level 4.5 Air Magic


You had 2 spell levels left.
You knew the following spells:

 Your Spells              Type           Power        Failure   Level  Hunger
a - Shock                 Conj/Air       ##..         8%          1    #......
b - Swiftness             Chrm/Air       #.......     14%         2    ##.....
c - Repel Missiles        Chrm/Air       #.....       14%         2    ##.....


Dungeon Overview and Level Annotations

Branches:
Dungeon (2/15)

Altars:


Innate Abilities, Weirdness & Mutations

You have a beak for a mouth.
You have claws for feet.


Message History

You are too injured to fight recklessly!
You are too injured to fight recklessly!
You are too injured to fight recklessly!
You are too injured to fight recklessly!
You are too injured to fight recklessly!
You are too injured to fight recklessly!
You are too injured to fight recklessly!
You are too injured to fight recklessly!
You are too injured to fight recklessly!
You are too injured to fight recklessly!
You are too injured to fight recklessly!
You are too injured to fight recklessly!
You are too injured to fight recklessly!
You are too injured to fight recklessly!
You are too injured to fight recklessly!
You are too injured to fight recklessly!
You are too injured to fight recklessly!
You are too injured to fight recklessly!
The adder bites you.
You die...

##.########## ###
#...........## ..#
#..######....# # #.# #..#
#....#.### # # #.###..#
#####.......# ..#.###.#....#
#...........# .......#...##
#.#.........#
..#.##...#######.#<........#
................@#.......#.#
.......#########S#.#######[#
#.##<..8.8.8g8 #...........
#.......g.. #)......>#
.h........gg #.#.#....#
..#...%...... #†#.#.##.#
...........ggg #...#.# #
###.#......... #.....#
#....8.8.8.8 #.#####


You could see an adder.

Vanquished Creatures
  2 oozes (D:1)
  2 dart slugs (D:1)
  A leopard gecko (D:2)
  10 goblins
  A hobgoblin (D:1)
  A jackal (D:2)
  A quokka (D:2)
  5 bats
  A frilled lizard (D:1)
  8 kobolds
  3 rats (D:1)
35 creatures vanquished.

Notes
Turn   | Place    | Note
-------+----------+-------------------------------------------
     0 | D:1      | Millan the Tengu Air Elementalist began the quest for the Orb.
     0 | D:1      | Reached XP level 1. HP: 10/10 MP: 4/4
   270 | D:1      | Reached XP level 2. HP: 7/15 MP: 3/6
   781 | D:1      | Reached XP level 3. HP: 19/19 MP: 2/7
   878 | D:1      | Learned a level 2 spell: Swiftness
   881 | D:1      | Learned a level 2 spell: Repel Missiles
  1506 | D:2      | Slain by an adder

Action                   || total
-------------------------++-------
Melee: Unarmed           ||    49
       Kick              ||     8
       Peck              ||     4
 Cast: Shock             ||    64
 Stab: Sleeping          ||     1
  Eat: Chunk             ||     2
Armor: Robe              ||    15
Dodge: Dodged            ||    60
